| TOP OF THE 1ST |
|
Oklahoma City Dodgers batting - Pitching for Memphis Redbirds : RHP Nick Mistretta
|
|
Pitching: RHP Nick Mistretta
|
|
|
Batting: RHB Jose Ramirez
|
0-0: Called Strike 0-1: Foul Ball, location: 2F 0-2: Ball 1-2: Strikes out swinging
|
|
Batting: RHB Theo Schepers
|
0-0: Ball 1-0: Called Strike 1-1: Swinging Strike 1-2: Ball 2-2: Foul Ball, location: 2F 2-2: Foul Ball, location: 2F 2-2: Ball 3-2: Strikes out swinging
|
|
Batting: LHB Chris Buchan
|
0-0: Ball 1-0: Called Strike 1-1: SINGLE (Flyball, 89S, EV 89.4 MPH)
|
|
Batting: LHB Steve Pond
|
0-0: Called Strike Chris Buchan steals 2nd base 0-1: Foul Ball, location: 2F 0-2: Ball 1-2: Ball 2-2: Foul Ball, location: 2F 2-2: 2-RUN HOME RUN (Flyball, 78XD, EV 105.0 MPH), Distance : 427 ft
|
|
Batting: RHB Tommy Hunter
|
0-0: Ball 1-0: Foul Ball, location: 2F 1-1: Foul Ball, location: 2F 1-2: Ball 2-2: Strikes out swinging
|
| Top of the 1st over - 2 runs, 2 hits, 0 errors, 0 left on base; Oklahoma City 2 - Memphis 0 |
| BOTTOM OF THE 1ST |
|
Memphis Redbirds batting - Pitching for Oklahoma City Dodgers : RHP Jose Avila
|
|
Pitching: RHP Jose Avila
|
|
|
Batting: LHB Tsutomu Miyahara
|
0-0: Ball 1-0: SINGLE (Groundball, 6MD, EV 95.6 MPH)
|
|
Batting: RHB Josh Martin
|
0-0: Ball 1-0: Fly out, F8 (Flyball, 8LD, EV 100.0 MPH)
|
|
Batting: SHB Gerardo Macias
|
0-0: Called Strike Tsutomu Miyahara steals 2nd base (no throw) 0-1: Swinging Strike 0-2: Ball 1-2: DOUBLE (Flyball, 5D, EV 88.1 MPH) Tsutomu Miyahara scores
|
|
Batting: RHB Andres Mendiola
|
0-0: Ball 1-0: Ball 2-0: Called Strike 2-1: Ball 3-1: Foul Ball, location: 2F 3-2: Foul Ball, location: 2F 3-2: Strikes out looking
|
|
Batting: LHB Sam Britt
|
0-0: Foul Ball, location: 2F 0-1: Ball 1-1: Ball 2-1: Foul Ball, location: 2F 2-2: Ground out U3 (Groundball, 34S, EV 80.6 MPH)
|
| Bottom of the 1st over - 1 run, 2 hits, 0 errors, 1 left on base; Oklahoma City 2 - Memphis 1 |
| TOP OF THE 2ND |
|
Oklahoma City Dodgers batting - Pitching for Memphis Redbirds : RHP Nick Mistretta
|
|
Batting: RHB Alex Cid
|
0-0: Ball 1-0: Foul Ball, location: 2F 1-1: Foul Ball, location: 2F 1-2: Foul Ball, location: 2F 1-2: Ball 2-2: Foul Ball, location: 2F 2-2: Ball 3-2: Ground out 6-3 (Groundball, 6, EV 89.4 MPH)
|
|
Batting: LHB Darrell Ortega
|
0-0: Fly out, F8 (Flyball, 8LXD, EV 105.6 MPH)
|
|
Batting: LHB Doug Frampton
|
0-0: Ball 1-0: Foul Ball, location: 2F 1-1: Foul Ball, location: 2F 1-2: Strikes out swinging
|
| Top of the 2nd over - 0 runs, 0 hits, 0 errors, 0 left on base; Oklahoma City 2 - Memphis 1 |
| BOTTOM OF THE 2ND |
|
Memphis Redbirds batting - Pitching for Oklahoma City Dodgers : RHP Jose Avila
|
|
Batting: RHB Dan Boykins
|
0-0: DOUBLE (Groundball, 5L, EV 96.2 MPH)
|
|
Batting: RHB Mark Cahill
|
0-0: Called Strike 0-1: Ball 1-1: DOUBLE (Line Drive, 89D, EV 108.8 MPH) Dan Boykins scores
|
|
Batting: RHB William Lung
|
0-0: Ball 1-0: Swinging Strike 1-1: Ball 2-1: Called Strike 2-2: Foul Ball, location: 2F 2-2: Ball 3-2: DOUBLE (Flyball, 89XD, EV 107.5 MPH) Mark Cahill scores
|
|
Batting: LHB John Bailey
|
0-0: Ball Wild Pitch! William Lung to third 1-0: Ball 2-0: Ball 3-0: Called Strike 3-1: Swinging Strike 3-2: Foul Ball, location: 2F 3-2: Base on Balls
|
|
Batting: LHB Tsutomu Miyahara
|
0-0: Called Strike 0-1: Ball 1-1: Foul Ball, location: 2F 1-2: Foul Ball, location: 2F 1-2: Ball 2-2: Foul Ball, location: 2F 2-2: Foul Ball, location: 2F 2-2: Foul Ball, location: 2F 2-2: Ball 3-2: Foul Ball, location: 2F 3-2: Strikes out looking
|
|
Batting: RHB Josh Martin
|
0-0: Ball John Bailey steals 2nd base 1-0: Ball 2-0: Called Strike 2-1: Ball 3-1: Ground out 4-3 (Groundball, 13, EV 85.6 MPH) William Lung scores John Bailey to third
|
|
Batting: SHB Gerardo Macias
|
0-0: Foul Ball, location: 2F 0-1: Ground out 4-3 (Groundball, 34, EV 90.6 MPH)
|
| Bottom of the 2nd over - 3 runs, 3 hits, 0 errors, 1 left on base; Oklahoma City 2 - Memphis 4 |
| TOP OF THE 3RD |
|
Oklahoma City Dodgers batting - Pitching for Memphis Redbirds : RHP Nick Mistretta
|
|
Batting: RHB Rick Pittman
|
0-0: Ball 1-0: Called Strike 1-1: Ball 2-1: DOUBLE (Line Drive, 5D, EV 99.4 MPH)
|
|
Batting: RHB Jose Ramirez
|
0-0: Called Strike 0-1: Called Strike 0-2: Ball 1-2: Strikes out swinging
|
|
Batting: RHB Theo Schepers
|
0-0: Called Strike 0-1: Foul Ball, location: 2F 0-2: Ball 1-2: Ball 2-2: Ball 3-2: Foul Ball, location: 2F 3-2: Strikes out swinging
|
|
Batting: LHB Chris Buchan
|
0-0: Called Strike 0-1: Ball 1-1: Ball 2-1: Called Strike 2-2: Ball 3-2: Ground out U3 (Groundball, 3, EV 92.5 MPH)
|
| Top of the 3rd over - 0 runs, 1 hit, 0 errors, 1 left on base; Oklahoma City 2 - Memphis 4 |
| BOTTOM OF THE 3RD |
|
Memphis Redbirds batting - Pitching for Oklahoma City Dodgers : RHP Jose Avila
|
|
Batting: RHB Andres Mendiola
|
0-0: Called Strike 0-1: Ball 1-1: Fly out, F9 (Flyball, 89M, EV 89.4 MPH)
|
|
Batting: LHB Sam Britt
|
0-0: Called Strike 0-1: Ball 1-1: Ball 2-1: Foul Ball, location: 2F 2-2: Ball 3-2: Foul Ball, location: 2F 3-2: Base on Balls
|
|
Batting: RHB Dan Boykins
|
0-0: Ball 1-0: Called Strike 1-1: Fly out, F9 (Flyball, 89M, EV 71.9 MPH)
|
|
Batting: RHB Mark Cahill
|
0-0: Called Strike 0-1: Called Strike 0-2: Fielders Choice at 2nd, 5-4 (Groundball, 56, EV 91.2 MPH)
|
| Bottom of the 3rd over - 0 runs, 0 hits, 0 errors, 1 left on base; Oklahoma City 2 - Memphis 4 |
| TOP OF THE 4TH |
|
Oklahoma City Dodgers batting - Pitching for Memphis Redbirds : RHP Nick Mistretta
|
|
Batting: LHB Steve Pond
|
0-0: Swinging Strike 0-1: Swinging Strike 0-2: Ball 1-2: Strikes out swinging
|
|
Batting: RHB Tommy Hunter
|
0-0: Called Strike 0-1: Ball 1-1: Ball 2-1: Foul Ball, location: 2F 2-2: Foul Ball, location: 2F 2-2: Strikes out swinging
|
|
Batting: RHB Alex Cid
|
0-0: Called Strike 0-1: Ball 1-1: Foul Ball, location: 2F 1-2: Foul Ball, location: 2F 1-2: Strikes out swinging
|
| Top of the 4th over - 0 runs, 0 hits, 0 errors, 0 left on base; Oklahoma City 2 - Memphis 4 |
| BOTTOM OF THE 4TH |
|
Memphis Redbirds batting - Pitching for Oklahoma City Dodgers : RHP Jose Avila
|
|
Batting: RHB William Lung
|
0-0: Ball 1-0: Called Strike 1-1: Called Strike 1-2: SINGLE (Line Drive, 7S, EV 98.1 MPH)
|
|
Batting: LHB John Bailey
|
0-0: Ball 1-0: Ball 2-0: Foul Ball, location: 2F 2-1: Fielders Choice at 2nd, 4-6 (Groundball, 34, EV 81.2 MPH)
|
|
Batting: LHB Tsutomu Miyahara
|
0-0: Ball 1-0: Grounds out, U3 (Groundball, 3L, EV 80.0 MPH)
|
|
Batting: RHB Josh Martin
|
0-0: Called Strike 0-1: Foul Ball, location: 2F 0-2: Ball 1-2: Ball 2-2: Foul Ball, location: 2F 2-2: Foul Ball, location: 2F 2-2: Strikes out looking
|
| Bottom of the 4th over - 0 runs, 1 hit, 0 errors, 1 left on base; Oklahoma City 2 - Memphis 4 |
| TOP OF THE 5TH |
|
Oklahoma City Dodgers batting - Pitching for Memphis Redbirds : RHP Nick Mistretta
|
|
Batting: LHB Darrell Ortega
|
0-0: Swinging Strike 0-1: Ball 1-1: Foul Ball, location: 2F 1-2: Ball 2-2: Foul Ball, location: 2F 2-2: Strikes out swinging
|
|
Batting: LHB Doug Frampton
|
0-0: Fly out, F8 (Flyball, 8LM, EV 81.2 MPH)
|
|
Batting: RHB Rick Pittman
|
0-0: Ball 1-0: Fly out, F8 (Flyball, 8LXD, EV 83.1 MPH)
|
| Top of the 5th over - 0 runs, 0 hits, 0 errors, 0 left on base; Oklahoma City 2 - Memphis 4 |
| BOTTOM OF THE 5TH |
|
Memphis Redbirds batting - Pitching for Oklahoma City Dodgers : RHP Jose Avila
|
|
Batting: SHB Gerardo Macias
|
0-0: Ground out U3 (Groundball, 3, EV 100.0 MPH)
|
|
Batting: RHB Andres Mendiola
|
0-0: Ball 1-0: Swinging Strike 1-1: Foul Ball, location: 2F 1-2: Ball 2-2: Strikes out swinging
|
|
Batting: LHB Sam Britt
|
0-0: Called Strike 0-1: Foul Ball, location: 2F 0-2: Ball 1-2: Ball 2-2: Fly out, F8 (Flyball, 8LD, EV 102.5 MPH)
|
| Bottom of the 5th over - 0 runs, 0 hits, 0 errors, 0 left on base; Oklahoma City 2 - Memphis 4 |
| TOP OF THE 6TH |
|
Oklahoma City Dodgers batting - Pitching for Memphis Redbirds : RHP Nick Mistretta
|
|
Batting: RHB Jose Ramirez
|
0-0: Ball 1-0: Called Strike 1-1: Ball 2-1: Foul Ball, location: 2F 2-2: Ball 3-2: Base on Balls
|
|
Pitching: RHP Tse-peng Kuang
|
|
|
Batting: RHB Theo Schepers
|
0-0: Called Strike Jose Ramirez steals 2nd base 0-1: Ball 1-1: Foul Ball, location: 2F 1-2: Strikes out swinging
|
|
Pitching: LHP Randolph Rayner
|
|
|
Batting: LHB Chris Buchan
|
0-0: Called Strike 0-1: Ball Jose Ramirez is caught stealing 3rd base 2-5 1-1: Called Strike 1-2: Strikes out swinging
|
| Top of the 6th over - 0 runs, 0 hits, 0 errors, 0 left on base; Oklahoma City 2 - Memphis 4 |
| BOTTOM OF THE 6TH |
|
Memphis Redbirds batting - Pitching for Oklahoma City Dodgers : RHP Jose Avila
|
|
Pitching: LHP Ryan Fulford
|
|
|
Batting: RHB Dan Boykins
|
0-0: Swinging Strike 0-1: Foul Ball, location: 2F 0-2: Ball 1-2: Foul Ball, location: 2F 1-2: Ball 2-2: Foul Ball, location: 2F 2-2: Ground out 5-3 (Groundball, 56, EV 95.6 MPH)
|
|
Batting: RHB Mark Cahill
|
0-0: Ball 1-0: Called Strike 1-1: Swinging Strike 1-2: Foul Ball, location: 2F 1-2: Strikes out swinging
|
|
Batting: RHB William Lung
|
0-0: Called Strike 0-1: Ball 1-1: Ball 2-1: Ball 3-1: Fly out, F9 (Line Drive, 9LM, EV 109.4 MPH)
|
| Bottom of the 6th over - 0 runs, 0 hits, 0 errors, 0 left on base; Oklahoma City 2 - Memphis 4 |
| TOP OF THE 7TH |
|
Oklahoma City Dodgers batting - Pitching for Memphis Redbirds : LHP Randolph Rayner
|
|
Batting: LHB Steve Pond
|
0-0: Called Strike 0-1: Swinging Strike 0-2: Ball 1-2: Strikes out swinging
|
|
Batting: RHB Tommy Hunter
|
0-0: Swinging Strike 0-1: Called Strike 0-2: Foul Ball, location: 2F 0-2: Ball 1-2: Ball 2-2: Foul Ball, location: 2F 2-2: Foul Ball, location: 2F 2-2: Fly out, F8 (Flyball, 8LXD, EV 104.4 MPH)
|
|
Batting: RHB Alex Cid
|
0-0: Ball 1-0: Foul Ball, location: 2F 1-1: Called Strike 1-2: Ball 2-2: Foul Ball, location: 2F 2-2: Ball 3-2: Foul Ball, location: 2F 3-2: Strikes out swinging
|
| Top of the 7th over - 0 runs, 0 hits, 0 errors, 0 left on base; Oklahoma City 2 - Memphis 4 |
| BOTTOM OF THE 7TH |
|
Memphis Redbirds batting - Pitching for Oklahoma City Dodgers : LHP Ryan Fulford
|
|
Batting: LHB John Bailey
|
0-0: Called Strike 0-1: Foul Ball, location: 2F 0-2: Fly out, F9 (Flyball, 9, EV 85.6 MPH)
|
|
Batting: LHB Tsutomu Miyahara
|
0-0: Ball 1-0: Called Strike 1-1: Ball 2-1: Ball 3-1: Ground out 4-3 (Groundball, 4D, EV 81.9 MPH)
|
|
Batting: RHB Josh Martin
|
0-0: Fly out, F9 (Flyball, 9D, EV 95.6 MPH)
|
| Bottom of the 7th over - 0 runs, 0 hits, 0 errors, 0 left on base; Oklahoma City 2 - Memphis 4 |
| TOP OF THE 8TH |
|
Oklahoma City Dodgers batting - Pitching for Memphis Redbirds : LHP Randolph Rayner
|
|
Pitching: LHP Nick Suggett
|
|
|
Batting: LHB Darrell Ortega
|
0-0: Ball 1-0: Ball 2-0: Foul Ball, location: 2F 2-1: Called Strike 2-2: Foul Ball, location: 2F 2-2: Reached on error, E3 (Groundball, 3L, EV 94.4 MPH)
|
|
Batting: LHB Doug Frampton
|
0-0: DOUBLE (Flyball, 8RXD, EV 106.2 MPH) Darrell Ortega to third
|
|
Batting: RHB Rick Pittman
|
0-0: Called Strike 0-1: Ball 1-1: Ball 2-1: Foul Ball, location: 2F 2-2: Ball 3-2: SINGLE (Groundball, 56D, EV 97.5 MPH) Darrell Ortega scores Doug Frampton to third
|
|
Batting: RHB Jose Ramirez
|
0-0: Called Strike 0-1: Foul Ball, location: 2F 0-2: Ball 1-2: Strikes out swinging
|
|
Batting: RHB Theo Schepers
|
0-0: Ball 1-0: Called Strike 1-1: Ball 2-1: Called Strike 2-2: Strikes out looking
|
|
Batting: LHB Chris Buchan
|
0-0: SINGLE (Line Drive, 3D, EV 95.6 MPH) Doug Frampton scores Rick Pittman to second Runner from 2nd tries for 3rd, SAFE, throw by RF made to third
|
|
Batting: LHB Steve Pond
|
0-0: Called Strike 0-1: Swinging Strike 0-2: Strikes out swinging
|
| Top of the 8th over - 2 runs, 3 hits, 1 error, 2 left on base; Oklahoma City 4 - Memphis 4 |
| BOTTOM OF THE 8TH |
|
Memphis Redbirds batting - Pitching for Oklahoma City Dodgers : LHP Ryan Fulford
|
|
Pitching: RHP Miguel Martinez
|
|
|
Batting: SHB Gerardo Macias
|
0-0: Foul Ball, location: 2F 0-1: Foul Ball, location: 2F 0-2: Foul Ball, location: 2F 0-2: Ball 1-2: Foul Ball, location: 2F 1-2: Ground out 4-3 (Groundball, 4, EV 100.6 MPH)
|
|
Batting: RHB Andres Mendiola
|
0-0: Called Strike 0-1: Ball 1-1: Ball 2-1: Foul Ball, location: 2F 2-2: Foul Ball, location: 2F 2-2: Fly out, F6 (Popup, 6M, EV 63.1 MPH)
|
|
Batting: LHB Sam Britt
|
0-0: Called Strike 0-1: Called Strike 0-2: Ball 1-2: Strikes out looking
|
| Bottom of the 8th over - 0 runs, 0 hits, 0 errors, 0 left on base; Oklahoma City 4 - Memphis 4 |
| TOP OF THE 9TH |
|
Oklahoma City Dodgers batting - Pitching for Memphis Redbirds : LHP Nick Suggett
|
|
Pitching: LHP John Roe
|
|
|
Batting: RHB Tommy Hunter
|
0-0: Ball 1-0: Foul Ball, location: 2F 1-1: Called Strike 1-2: Strikes out swinging
|
|
Batting: RHB Alex Cid
|
0-0: Called Strike 0-1: Ground out 6-3 (Groundball, 6M, EV 83.1 MPH)
|
|
Batting: LHB Darrell Ortega
|
0-0: Swinging Strike 0-1: Ball 1-1: Ball 2-1: Called Strike 2-2: Strikes out swinging
|
| Top of the 9th over - 0 runs, 0 hits, 0 errors, 0 left on base; Oklahoma City 4 - Memphis 4 |
| BOTTOM OF THE 9TH |
|
Memphis Redbirds batting - Pitching for Oklahoma City Dodgers : RHP Miguel Martinez
|
|
Batting: RHB Dan Boykins
|
0-0: Ball 1-0: Called Strike 1-1: Ball 2-1: Swinging Strike 2-2: Fly out, F8 (Flyball, 8LD, EV 81.2 MPH)
|
|
Batting: RHB Mark Cahill
|
0-0: Ground out 6-3 (Groundball, 6M, EV 103.1 MPH)
|
|
Batting: RHB William Lung
|
0-0: Ball 1-0: Foul Ball, location: 2F 1-1: Ground out 3-1 (Groundball, 34S, EV 91.2 MPH)
|
| Bottom of the 9th over - 0 runs, 0 hits, 0 errors, 0 left on base; Oklahoma City 4 - Memphis 4 |
| TOP OF THE 10TH |
|
Oklahoma City Dodgers batting - Pitching for Memphis Redbirds : LHP John Roe
|
|
Batting: LHB Doug Frampton
|
0-0: Ball 1-0: Foul Ball, location: 2F 1-1: Ground out 4-3 (Groundball, 4, EV 85.0 MPH)
|
|
Batting: RHB Rick Pittman
|
0-0: SINGLE (Line Drive, 3D, EV 101.9 MPH)
|
|
Batting: RHB Jose Ramirez
|
0-0: Swinging Strike 0-1: Ball 1-1: Foul Ball, location: 2F 1-2: Strikes out swinging
|
|
Batting: RHB Theo Schepers
|
0-0: Foul Ball, location: 2F 0-1: Swinging Strike 0-2: Strikes out swinging
|
| Top of the 10th over - 0 runs, 1 hit, 0 errors, 1 left on base; Oklahoma City 4 - Memphis 4 |
| BOTTOM OF THE 10TH |
|
Memphis Redbirds batting - Pitching for Oklahoma City Dodgers : RHP Miguel Martinez
|
|
Pitching: RHP Jared Wisham
|
|
|
Batting: LHB John Bailey
|
0-0: Called Strike 0-1: Fly out, F7 (Line Drive, 7S, EV 90.6 MPH)
|
|
Batting: LHB Tsutomu Miyahara
|
0-0: Ball 1-0: Ball 2-0: TRIPLE (Flyball, 89XD, EV 112.5 MPH)
|
|
Batting: RHB Josh Martin
|
0-0: Called Strike 0-1: Fielders Choice at home, 6-2 (Groundball, 6, EV 87.5 MPH)
|
|
Batting: SHB Gerardo Macias
|
0-0: Ball 1-0: Called Strike 1-1: Swinging Strike 1-2: Ball 2-2: Foul Ball, location: 2F 2-2: Ball 3-2: Base on Balls Josh Martin to second
|
|
Batting: RHB Andres Mendiola
|
0-0: Called Strike 0-1: Called Strike 0-2: 3-RUN HOME RUN (Flyball, 9D, EV 98.1 MPH), Distance : 384 ft
|
| Bottom of the 10th over - 3 runs, 2 hits, 0 errors, 0 left on base; Oklahoma City 4 - Memphis 7 |
|